 Dungeon Crawl Stone Soup version 0.29.1-15-g9cfb28693d (webtiles) character file.

Game seed: 13517428439630156634

200 zeram the Shooter (level 5, 0/27 HPs)
             Began as a Spriggan Hunter on Mar 15, 2023.
             Slain by a gnoll
             ... wielding a +0 spear
              (5 damage)
             ... on level 4 of the Dungeon.
             The game lasted 00:04:17 (2681 turns).

zeram the Shooter (Spriggan Hunter)                 Turns: 2681, Time: 00:04:18

Health: 0/27       AC:  3    Str:  7    XL:     5   Next: 49%
Magic:  15/15      EV: 18    Int: 13    God:
Gold:   208        SH:  0    Dex: 18    Spells: 1/4 levels left

rFire   . . .      SeeInvis +   a - +0 shortbow
rCold   . . .      Faith    .   (shield currently unavailable)
rNeg    . . .      Spirit   .   l - +1 animal skin
rPois   .          Reflect  .   (helmet restricted)
rElec   .          Harm     .   (no cloak)
rCorr   .          Rampage  .   (gloves unavailable)
Will    .....                   (boots unavailable)
Stlth   ++........              (no amulet)
HPRegen 0.09/turn               g - ring of magical power
MPRegen 0.14/turn               (no ring)

@: very quick
A: very small, no large weapons, unfitting armour, see invisible, speed 3
a: no special abilities


You were on level 4 of the Dungeon.
You visited 1 branch of the dungeon, and saw 4 of its levels.

You collected 208 gold pieces.

Inventory:

Hand Weapons
 a - a +0 shortbow (weapon)
Armour
 l - a +1 animal skin (worn)
Jewellery
 f - a ring of protection from fire
 g - a ring of magical power (left hand)
Wands
 p - a wand of flame (11)
Scrolls
 b - a scroll of immolation
 d - a scroll of amnesia
 m - a scroll of noise {unknown}
Potions
 c - a potion of cancellation {unknown}
 e - 2 potions of heal wounds
 h - a potion of degeneration {unknown}
 i - a potion of lignification {unknown}
 j - a potion of magic {unknown}
 k - 2 potions of curing {unknown}
 n - a potion of flight {unknown}
 o - a potion of resistance {unknown}


   Skills:
 + Level 2.5 Fighting
 + Level 6.1 Ranged Weapons
 + Level 3.0 Dodging
 + Level 2.0 Stealth
 * Level 0.3 Spellcasting


You had one spell level left.
You knew the following spells:

 Your Spells              Type           Power      Damage    Failure   Level
a - Vampiric Draining     Necr           0%         2d6       67%         3

Your spell library contained the following spells:

 Spells                   Type           Power      Damage    Failure   Level
 Necrotise                Necr           0%         1d4       30%         1
 Sandblast                Erth           0%         2d4       30%         1
 Summon Small Mammal      Summ           0%         N/A       30%         1
 Passwall                 Tmut/Erth      0%         N/A       43%         2
 Call Canine Familiar     Summ           0%         N/A       67%         3
 Gell's Gravitas          Tloc           0%         N/A       67%         3
 Stone Arrow              Conj/Erth      0%         3d7       67%         3
 Summon Guardian Golem    Hex/Summ       0%         N/A       67%         3
 Teleport Other           Tloc           0%         N/A       67%         3
 Tukima's Dance           Hex            0%         N/A       67%         3
 Passage of Golubria      Tloc           0%         N/A       97%         4
 Agony                    Necr           0%         N/A       100%        5
 Silence                  Hex/Air        0%         N/A       100%        5
 Yara's Violent Unravell  Hex/Tmut       0%         3d3       100%        5
 Dispersal                Tloc           0%         N/A       100%        6
 Lehudib's Crystal Spear  Conj/Erth      0%         10d2      100%        8


Dungeon Overview and Level Annotations

Branches:
Dungeon (4/15)
 Temple: D:4-7

Altars:

Annotations:
D:3 3 runed translucent doors, promet's ghost, amateur DEHW


Innate Abilities, Weirdness & Mutations

You are very small and have problems with some larger weapons.
You are too small for most types of armour.
You have supernaturally acute eyesight. (SInv)
You cover ground extremely quickly. (Speed+++)


Message History

The phantom barely misses you.
You shoot an arrow. The arrow closely misses the phantom.
The phantom barely misses you. The gnoll barely misses you.
You shoot an arrow. The arrow closely misses the phantom.
The phantom hits you.
The phantom blinks!
You blink.
You are too injured to fight recklessly!
You are too injured to fight recklessly!
You are too injured to fight recklessly!
You are too injured to fight recklessly!
You are too injured to fight recklessly!
You are too injured to fight recklessly!
Fire: a) +0 shortbow
Press: ? - help, Q - select action, (/) - cycle Shift-Dir - straight line, f/p - phantom
Aim: a phantom (almost destroyed, 56% to hit)
You shoot an arrow. The arrow barely misses the phantom.
The phantom barely misses you. x2
Unknown command.
Fire: a) +0 shortbow
Press: ? - help, Q - select action, (/) - cycle Shift-Dir - straight line, f/p - phantom
Aim: a phantom (almost destroyed, 56% to hit)
You shoot an arrow. The arrow hits the phantom.
The phantom is almost destroyed.
The phantom closely misses you.
Fire: a) +0 shortbow
Press: ? - help, Q - select action, (/) - cycle Shift-Dir - straight line, f/p - phantom
Aim: a phantom (almost destroyed, 56% to hit)
You shoot an arrow.
The arrow hits the phantom but does no damage.
The phantom is almost destroyed.
The phantom misses you.
The gnoll hits you from afar with a +0 spear.
* * * LOW HITPOINT WARNING * * *
Fire: a) +0 shortbow
Press: ? - help, Q - select action, (/) - cycle Shift-Dir - straight line, f/p - phantom
Aim: a phantom (almost destroyed, 56% to hit)
You shoot an arrow. The arrow closely misses the phantom.
The phantom hits you.
* * * LOW HITPOINT WARNING * * *
The gnoll hits you from afar with a +0 spear.
You die...

#.## #.# #.# #.# #.#### ##+###.#
<.# .....# ##...##.# #.# #.##.#
##.......# ####.# #.##.##
##.......## ##.##.#
#.....####.........####...#.#####
##.......+......g..'.............
###...####.........####...#.#####
.....## ##.....@W## ##.##.#
###.## ##.....## ####.# #.#
##...## ####.# #.# ##+## #.†..#
##.## #.# #.#### ##...## #.# #.#
#..†..## ##.## #.#
.......######...### #.#
...........#......# #.#


You could see a phantom and a gnoll.

Vanquished Creatures
  Ijyb (D:3)
  Robin (D:2)
  A gnoll (D:4)
  6 adders
  A worm (D:3)
  A dart slug (D:1)
  6 orcs
  7 ball pythons
  4 endoplasms
  A giant cockroach (D:2)
  12 goblins
  15 hobgoblins
  5 jackals
  4 kobolds
  7 bats
  7 frilled lizards
  6 rats
85 creatures vanquished.

Notes
Turn   | Place    | Note
-------+----------+-------------------------------------------
     0 | D:1      | zeram the Spriggan Hunter began the quest for the Orb.
     0 | D:1      | Reached XP level 1. HP: 10/10 MP: 2/2
    67 | D:1      | Reached XP level 2. HP: 15/15 MP: 3/3
   453 | D:1      | Reached XP level 3. HP: 18/18 MP: 4/4
  1041 | D:2      | Reached skill level 5 in Ranged Weapons
  1135 | D:2      | Noticed Robin
  1169 | D:2      | Killed Robin
  1170 | D:2      | Reached XP level 4. HP: 23/23 MP: 5/5
  1797 | D:2      | Found a faded altar of an unknown god.
  1843 | D:3      | Found a runed translucent gate.
  1843 | D:3      | Found a runed translucent gate.
  1843 | D:3      | Found a runed translucent gate.
  1844 | D:3      | Noticed promet's ghost (amateur DEHW)
  1927 | D:3      | Noticed Ijyb
  1934 | D:3      | HP: 1/23 [Ijyb/puff of flame (12)]
  1937 | D:3      | Killed Ijyb
  1938 | D:3      | Reached XP level 5. HP: 10/27 MP: 6/6
  2197 | D:3      | Learned a level 3 spell: Vampiric Draining
  2554 | D:4      | Reached skill level 6 in Ranged Weapons
  2662 | D:4      | Noticed a phantom
  2681 | D:4      | Slain by a gnoll

Illustrated notes

Levels and vault maps discovered:
D:1:      dpeg_arrival_stonehenge_12_columns, layout_rooms,
          hangedman_decor_points, kennysheep_flooded_box
D:2:      layout_loops_ring, shapermc_ecumenical_altar_mp_urbaneastern,
          uniq_robin
D:3:      layout_rooms, ebering_ghost_rock_garden, uniq_ijyb
D:4:      minmay_general_purpose_star, layout_loops_corners,
          mainiacjoe_overflow_alcove_4, kennysheep_mini_moat,
          dancing_weapons_uskayaw, mainiacjoe_overflow_surrounded_room,
          kennysheep_mini

Skill      XL: |  1  2  3  4  5 |
---------------+----------------+-----
Ranged Weapons | 5 6 |  6.1
Fighting       | 2 |  2.5
Dodging        | 3 |  3.0
Stealth        | 2 |  2.0
Spellcasting   | |  0.3

Action                   |  1- 3 |  4- 6 || total
-------------------------+-------+-------++-------
 Fire: Shortbow          |   106 |   137 ||   243
  Use: Scroll            |       |     5 ||     5
       Potion            |       |     1 ||     1
Armor: Robe              |     7 |       ||     7
       Animal skin       |       |     6 ||     6
Dodge: Dodged            |    32 |    44 ||    76
